 Dungeon Crawl Stone Soup version 0.29-a0-775-g4d7333d4e2 (webtiles) character file.

Game seed: 7507034131141357722

2529 buhh the Martial Artist (level 9, -7/62 (64) HPs)
             Began as an Octopode Transmuter on July 2, 2022.
             Was an Initiate of Cheibriados.
             Mangled by a wyvern (18 damage)
             ... on level 8 of the Dungeon.
             The game lasted 00:13:09 (9360 turns).

buhh the Martial Artist (Octopode Transmuter)       Turns: 9360, Time: 00:13:10

HP:   -7/62 (64)    AC:  1    Str: 16    XL:     9   Next: 54%
MP:   18/21         EV: 16    Int: 21    God:    Cheibriados [......]
Gold: 275           SH:  0    Dex: 13    Spells: 6/12 levels left

rFire   . . .      SeeInvis .     - Unarmed
rCold   . . .      Faith    .   (no shield)
rNeg    . . .      Spirit   .   (helmet restricted)
rPois   .          Reflect  .   (no amulet)
rElec   .          Harm     .   h - +4 ring of slaying
rCorr   .          Rampage  .   a - +6 ring of strength
Will    .....                   x - ring of magical power
Stlth   +++.......              (no ring)
HPRegen 0.20/turn               (no ring)
MPRegen 0.17/turn               (no ring)
                                (no ring)
                                (no ring)

@: very slightly contaminated, lightly drained, slow
A: almost no armour, amphibious, 8 rings, camouflage 1, gelatinous body 1,
(nimble swimmer 1), tentacles
a: Renounce Religion


You were on level 8 of the Dungeon.
You worshipped Cheibriados.
Cheibriados was noncommittal.
You visited 2 branches of the dungeon, and saw 9 of its levels.

You collected 317 gold pieces.
You spent 42 gold pieces at shops.

Inventory:

Missiles
 d - 12 poisoned darts
 v - a curare-tipped dart
Jewellery
 a - a +6 ring of strength (right tentacle)
 h - a +4 ring of slaying (left tentacle)
 s - a ring of fire
 x - a ring of magical power (on tentacle)
Wands
 c - a wand of charming (9)
 f - a wand of flame (28)
Scrolls
 j - a scroll of poison
 n - a scroll of fog {unknown}
 o - a scroll of enchant weapon {unknown}
 r - a scroll of fear {unknown}
 t - 6 scrolls of teleportation {!d}
 u - a scroll of silence {unknown}
 w - 2 scrolls of amnesia {unknown}
 P - 2 scrolls of magic mapping {!r!d}
 T - 2 scrolls of immolation {!d}
 Z - 2 scrolls of enchant armour
Potions
 e - 3 potions of degeneration
 i - 2 potions of haste {unknown}
 l - a potion of lignification {!d}
 m - a potion of ambrosia {unknown}
 p - 2 potions of flight {unknown}
 q - 2 potions of attraction {unknown}
 z - a potion of magic {unknown}
 K - 2 potions of brilliance {!q!d}
 N - 3 potions of curing {!q!d}


   Skills:
 * Level 7.1 Fighting
 * Level 7.1 Dodging
 - Level 3.0 Stealth
 * Level 8.1 Unarmed Combat
 - Level 2.0 Spellcasting
 - Level 2.0 Transmutations


You had 6 spell levels left.
You knew the following spells:

 Your Spells              Type           Power      Damage    Failure   Level
a - Beastly Appendage     Tmut           20%        N/A       6%          1
b - Wereblood             Tmut           10%        N/A       10%         2
c - Spider Form           Tmut/Pois      6%         N/A       28%         3

Your spell library contained the following spells:

 Spells                   Type           Power      Damage    Failure   Level
 Summon Small Mammal      Summ           8%         N/A       14%         1
 Sublimation of Blood     Necr           2%         N/A       22%         2
 Call Canine Familiar     Summ           2%         N/A       41%         3
 Inner Flame              Hex/Fire       2%         N/A       41%         3
 Summon Guardian Golem    Hex/Summ       2%         N/A       41%         3
 Ice Form                 Ice/Tmut       6%         N/A       67%         4
 Petrify                  Tmut/Erth      6%         N/A       67%         4
 Cause Fear               Hex            1%         N/A       82%         4
 Hailstorm                Conj/Ice       2%         3d3       82%         4
 Irradiate                Conj/Tmut      3%         3d14      95%         5
 Simulacrum               Ice/Necr       1%         N/A       100%        6
 Orb of Destruction       Conj           1%         9d5       100%        7
 Spellforged Servitor     Conj/Summ      1%         N/A       100%        7
 Borgnjor's Revivificati  Necr           1%         N/A       100%        8
 Discord                  Hex            1%         N/A       100%        8
 Necromutation            Tmut/Necr      3%         N/A       100%        8
 Death's Door             Necr           1%         N/A       100%        9


Dungeon Overview and Level Annotations

Branches:
Dungeon (8/15) Zot: 40472  Temple (1/1) D:6 Zot: 8682
   Lair: D:8-11

Altars:
Ashenzari
Cheibriados
Dithmenos
Fedhas
Gozag
Hepliaklqana
Kikubaaqudgha
Makhleb
Nemelex Xobeh
Okawaru
Qazlal
Ru
Sif Muna
Trog
Uskayaw
Vehumet
Wu Jian
Yredelemnul
Zin
The Shining One

Shops:
D:2 ([?

Annotations:
D:3 1 runed translucent door, gdog's ghost, weakling GnDe
D:7 exclusion: 2 steam dragons


Innate Abilities, Weirdness & Mutations

You cannot wear most types of armour.
You are amphibious.
You can wear up to eight rings at the same time.
Your skin changes colour to match your surroundings (Stealth+).
Your rubbery body absorbs attacks. (AC +1, EV +1)
((You are camouflaged when in or above water. (Stealth+)))
You have tentacles for arms and can constrict up to eight enemies at once.


Message History

You curl up in front of the altar of Cheibriados.
Cheibriados welcomes you!
Cheibriados begins to support your attributes as your movement slows.
Cheibriados is now slowing the effects of poison on you.
Your transformation is almost over.
(D) Dungeon (T) Temple
Where to? (Enter - D:7 @ (x,y), ? - help)
Your tentacle spike disappears.
There is an open door here.
There is an open door here.
There is an open door here.
You see here a +3 vorpal mace.
There is an open door here.
There is a stone staircase leading down here.
You climb downwards.
There is a stone staircase leading up here.
Z - 2 scrolls of enchant armour (gained 1)
A wyvern comes into view.
The wyvern moves out of view.
A wight comes into view. It is wielding a +0 spear.
One of your tentacles grows a vicious spike.
Found an escape hatch in the ceiling.
The wight barely misses you. The wight misses you.
The wyvern hisses angrily.
Your transformation is almost over.
The wight hits you from afar with a +0 spear!
You feel drained. The wyvern bites you!
You miscast Spider Form.
You are very lightly contaminated with residual magic.
Nothing appears to happen.
The wyvern bites you!
* * * LOW HITPOINT WARNING * * *
The wight misses you.
Really quaff
N - 4 potions of curing {!q!d}?
You feel better.
Your tentacle spike disappears.
The wyvern bites you!
* * * LOW HITPOINT WARNING * * *
The wyvern bites you!!
You die...

#. ..## #.# ###..#
. #...#....####.#
...#........
#....#...
#.#.#.###
#...z...# ##
###l#.#.# ..
#.####@#z#.##.####
#.....<#....l....#
##########.#.....#
#.#......<
..#.....##
####....)# ######


You could see a wyvern and a wight.

Vanquished Creatures
  3 yaks (D:6)
  2 water moccasins
  2 orc warriors
  An ice beast (D:5)
  A black bear (D:6)
  2 ogres
  A centaur (D:6)
  A phantom (D:7)
  2 kobold brigands
  A necrophage (D:5)
  2 bullfrogs
  4 scorpions (D:5)
  A gnoll sergeant (D:7)
  5 hounds
  An orc priest (D:7)
  4 iguanas
  2 orc wizards
  A mummy (D:7)
  8 gnolls
  4 adders
  2 ufetubi
  A dart slug (D:1)
  18 orcs
  9 ball pythons
  7 endoplasms
  2 giant cockroaches (D:2)
  8 goblins
  6 hobgoblins
  4 jackals (D:4)
  3 quokkas
  9 bats
  4 frilled lizards
  13 kobolds
  A kobold zombie (D:7)
  3 orc zombies (D:7)
  5 rats
143 creatures vanquished.

Notes
Turn   | Place    | Note
-------+----------+-------------------------------------------
     0 | D:1      | buhh the Octopode Transmuter began the quest for the Orb.
     0 | D:1      | Reached XP level 1. HP: 13/13 MP: 3/3
   133 | D:1      | Reached XP level 2. HP: 18/18 MP: 3/5
   822 | D:1      | Found a faded altar of an unknown god.
   884 | D:2      | Reached XP level 3. HP: 23/25 MP: 3/6
   935 | D:2      | Found Eklimir's Weapon Shop.
  1288 | D:2      | Learned a level 2 spell: Wereblood
  1292 | D:2      | Learned a level 3 spell: Spider Form
  1580 | D:2      | Found Qeal Hiosm's Magic Scroll Emporium.
  1588 | D:2      | Bought a scroll of teleportation for 42 gold pieces
  1620 | D:2      | Found Neorch's Antique Armour Boutique.
  1976 | D:3      | Reached XP level 4. HP: 30/30 MP: 5/7
  2393 | D:3      | Found a runed translucent door.
  2398 | D:3      | Noticed gdog's ghost (weakling GnDe)
  3122 | D:3      | Found an opulent altar of Gozag.
  3386 | D:4      | Reached skill level 4 in Unarmed Combat
  3386 | D:4      | Reached XP level 5. HP: 36/36 MP: 6/8
  3411 | D:4      | Found a broken altar of Ashenzari.
  3441 | D:4      | Found an ancient bone altar of Kikubaaqudgha.
  3706 | D:4      | Found a hazy altar of Hepliaklqana.
  4138 | D:5      | Entered Level 5 of the Dungeon
  4172 | D:5      | Noticed a water moccasin
  4177 | D:5      | Killed a water moccasin
  4178 | D:5      | Reached skill level 5 in Unarmed Combat
  4178 | D:5      | Reached XP level 6. HP: 44/44 MP: 7/9
  4698 | D:5      | Noticed an ice beast
  4701 | D:5      | Reached XP level 7. HP: 41/49 MP: 8/10
  4715 | D:5      | Reached skill level 6 in Unarmed Combat
  4993 | D:6      | Reached skill level 7 in Unarmed Combat
  5347 | D:6      | Reached XP level 8. HP: 54/56 MP: 9/11
  5920 | D:6      | Found a staircase to the Ecumenical Temple.
  5951 | Temple   | Entered the Ecumenical Temple
  6966 | D:6      | Noticed a yak
  6966 | D:6      | Noticed a yak
  6968 | D:6      | Noticed a yak
  6999 | D:6      | Killed a yak
  7144 | D:6      | Killed a yak
  7148 | D:6      | Killed a yak
  7149 | D:6      | Reached XP level 9. HP: 50/63 MP: 6/12
  7305 | D:6      | Found an iron altar of Okawaru.
  7830 | D:7      | HP: 3/63 [gnoll sergeant/+0 spear (9)]
  8370 | D:7      | Found a sparkling altar of Nemelex Xobeh.
  8370 | D:7      | Found a hide-covered altar of Uskayaw.
  8519 | D:7      | Found a shadowy altar of Dithmenos.
  8703 | D:7      | Reached skill level 8 in Unarmed Combat
  9253 | D:7      | Found a snail-covered altar of Cheibriados.
  9283 | D:7      | Became a worshipper of Cheibriados the Contemplative
  9360 | D:8      | Mangled by a wyvern

Illustrated notes

Levels and vault maps discovered:
D:1:      dpeg_arrival_erosion, layout_basic, ebering_ecumenical_altar_hall,
          nrook_mini_backslash, chequers_hall_statues_wall_a
D:2:      layout_basic, serial_shops, nicolae_shop_bloodbath_and_beyond, shop,
          shop
D:3:      layout_loops_ring, lemuel_coloured_pillars_altar,
          ebering_ghost_sewer_d
D:4:      layout_basic, mainiacjoe_overflow_surrounded_room,
          evilmike_ruin_ashenzari, mainiacjoe_overflow_boulevard
D:5:      layout_loops_ring, minmay_circle_x
D:6:      layout_basic, overflow_temple_1_default, minmay_temple_entry_statues,
          grunt_ministairs_14
D:7:      layout_gridville, mainiacjoe_overflow_tiny_flanked,
          grunt_dithmenos_smoke, gammafunk_temple_overflow_elements,
          minmay_mini_ossuary
D:8:      layout_loops_cross, dpeg_lair_monsters, minmay_misc_feat_square,
          sigmund_army, uniq_prince_ribbit1, uniq_maurice
Temple:   minmay_temple_curvy_loop

Skill      XL: |  1  2  3  4  5  6  7  8  9 |
---------------+----------------------------+-----
Stealth        | 1 2 3 |  3.0
Fighting       | 2 3 4 5 6 7 |  7.1
Unarmed Combat | 4 5 7 8 |  8.1
Dodging        | 6 7 |  7.1
Spellcasting   | |  2.0
Transmutations | |  2.0

Action                   |  1- 3 |  4- 6 |  7- 9 || total
-------------------------+-------+-------+-------++-------
Melee: Unarmed           |    68 |    59 |   164 ||   291
       Constrict         |    17 |    16 |    21 ||    54
       Kick              |    17 |    15 |    15 ||    47
       Tentacles         |    12 |    10 |     9 ||    31
       Punch             |     1 |       |     4 ||     5
 Cast: Beastly Appendage |    32 |    17 |    24 ||    73
       Spider Form       |       |     1 |    16 ||    17
Evoke: Wand              |       |       |     5 ||     5
  Use: Potion            |       |     2 |     2 ||     4
       Scroll            |       |     4 |     7 ||    11
 Stab: Sleeping          |    12 |     2 |     4 ||    18
Armor: Skin              |     5 |    10 |     4 ||    19
Dodge: Dodged            |    38 |    27 |   124 ||   189

Table legend: (Time is in decaauts)
 A = Elapsed time spent in this place.
 B = Non-inter-level travel time spent in this place.
 C = Inter-level travel time spent in this place.
 D = Time resting spent in this place.
 E = Time spent auto-exploring this place.
 F = Levels seen in this place.
 G = Mean time per level.
                   A        B        C        D        E       F      G
               +--------+--------+--------+--------+--------+-----+--------+
         Total |   9346 |   9070 |    276 |   1546 |   6448 |   9 | 1038.4 |
       Dungeon |   9134 |   8886 |    248 |   1546 |   6268 |   8 | 1141.8 |
        Temple |    211 |    183 |     28 |      0 |    180 |   1 |  211.0 |
               +--------+--------+--------+--------+--------+-----+--------+

Top non-repeatable levels by time:
     D:6: 2213 daAuts
     D:7: 1934 daAuts
     D:3: 1385 daAuts
     D:2: 1078 daAuts
     D:1: 872 daAuts
     D:5: 830 daAuts
     D:4: 792 daAuts
  Temple: 211 daAuts
     D:8: 26 daAuts
